 Dungeon Crawl Stone Soup version 0.16.1-30-g34a7ffa (webtiles) character file.

32594 Kiel97 the Severer (level 13, -7/128 (130) HPs)
             Began as a Minotaur Berserker on June 16, 2015.
             Was the Champion of Trog.
             Mangled by an orc warrior
             ... wielding a +0 great sword
              (10 damage)
             ... on level 3 of the Orcish Mines on June 17, 2015.
             The game lasted 01:02:30 (15676 turns).

Kiel97 the Severer (Minotaur Berserker)            Turns: 15676, Time: 01:02:30

HP:   -7/128 (130)  AC: 20    Str: 27    XL:     13   Next: 32%
MP:   5/5           EV: 12    Int:  4    God:    Trog [******]
Gold: 1393          SH:  0    Dex: 10    Spells: 0 memorised, 12 levels left

rFire  . . .     SeeInvis .     h - +4 executioner's axe (chop)
rCold  . . .     Clarity  .     y - +0 plate armour
rNeg   . . .     SustAb   +     (no shield)
rPois  +         Gourm    .     B - +0 hat
rElec  .         Spirit   .     e - +0 cloak
rCorr  .         Warding  .     w - +0 pair of gloves
rMut   +         Stasis   .     z - +0 pair of boots
MR     ++...                    i - amulet of resist mutation (curse)
Stlth  ..........               t - ring of protection from magic
                                x - ring of Disaster {SustAb rPois MR- Stlth+}

@: regenerating, very resistant to hostile enchantments, extremely unstealthy
A: retaliatory headbutt, horns 2, blurry vision 1, robust 1
a: Burn Spellbooks, Berserk, Trog's Hand, Brothers in Arms, Renounce Religion


You were on level 3 of the Orcish Mines.
You worshipped Trog.
Trog was exalted by your worship.
You were not hungry.

You visited 3 branches of the dungeon, and saw 16 of its levels.
You also visited: Sewer and Ice Cave.

You collected 1447 gold pieces.
You spent 54 gold pieces at shops.

Inventory:

Hand weapons
 h - a +4 executioner's axe of chopping (weapon)
Missiles
 u - 32 poisoned needles
Armour
 e - a +0 cloak (worn)
 w - a +0 pair of gloves (worn)
 y - a +0 plate armour (worn)
 z - a +0 pair of boots (worn)
 B - a +0 hat (worn)
Jewellery
 b - an uncursed ring of positive energy
 i - a cursed amulet of resist mutation (around neck)
 n - an uncursed amulet of resist corrosion
 t - a ring of protection from magic (right hand)
 x - the ring of Disaster (left hand) {SustAb rPois MR- Stlth+}
   (You took it off a frost giant in an ice cave)

   [ring of sustain abilities]

   It sustains your strength, intelligence and dexterity.
   It protects you from poison.
   It affects your resistance to hostile enchantments.
   It makes you more stealthy.
Magical devices
 l - a wand of digging (14)
 C - a wand of polymorph (9)
 D - a wand of confusion (36)
 E - a wand of cold (9)
Scrolls
 d - a scroll of identify
 f - 3 scrolls of enchant armour
 g - a scroll of magic mapping
 k - 3 scrolls of enchant weapon
 m - 4 scrolls of teleportation
 q - a scroll of fear
 r - 2 scrolls of fog
 v - a scroll of brand weapon
 F - a scroll of remove curse
Potions
 o - 2 potions of resistance
 p - 4 potions of brilliance
 s - 3 potions of curing
 A - a potion of invisibility
 G - a potion of agility
Comestibles
 a - 5 meat rations
 c - 6 bread rations
 j - 10 fruits


   Skills:
 + Level 12.6 Fighting
 * Level 16.5 Axes
 + Level 12.5 Armour
 + Level 11.4 Dodging


You had 12 spell levels left.
You didn't know any spells.

Dungeon Overview and Level Annotations

Branches:
Dungeon (11/15)            Temple (1/1) D:5            Lair (0/8) D:8
    Orc (4/4) D:11            Elf (0/3) Orc:3

Altars:
Ashenzari
Cheibriados
Dithmenos
Elyvilon
Fedhas
Gozag
Kikubaaqudgha
Makhleb
Nemelex Xobeh
Okawaru
Qazlal
Ru
Sif Muna
Trog
Vehumet
Xom
Yredelemnul
Zin
The Shining One

Shops:
D:11 *   Orc:2 (

Annotations:
Orc:3 Urug


Innate Abilities, Weirdness & Mutations

You reflexively headbutt those who attack you in melee.
You have a pair of horns on your head.
Scrolls take you a little longer to read.
You are robust (+10% HP).


Message History

Urug is almost dead.
Your plate armour prevents you from hitting the orc warrior.
Urug hits you with a great sword of holy wrath!!
* * * LOW HITPOINT WARNING * * *
The orc warrior hits you but does no damage.
Urug closely misses you. You furiously retaliate!
You headbutt Urug!
The orc warrior hits you with a great sword!
* * * LOW HITPOINT WARNING * * *
You completely miss the orc warrior. You headbutt the orc warrior.
The orc warrior is moderately wounded.
You closely miss Urug.
Urug is almost dead.
Urug hits you with a great sword of holy wrath!!
* * * LOW HITPOINT WARNING * * *
Use which ability? (? or * to list)
Your skin crawls.
You feel resistant to hostile enchantments.
You feel slightly more hungry.
The orc warrior hits you with a great sword!
You die...

#...#.....#.##
##.)(#.......#
##)(.......#
##.........#
#....(.##..##
##...)))##.$.#
#.....).#...#
##...#oo.<..#
##...@.....#
#.........#
#.....###..#
##....#^#..#
#.....###..#
#...........#
#........ ..
..........
....


You could see Urug and an orc warrior.

Vanquished Creatures
  A frost giant (IceCv)
  Gastronok (D:10)
  An ettin (Orc:3)
  Erica (D:10)
  2 death yaks (IceCv)
  An ice devil (D:11)
  An ice statue (IceCv)
  Erolcha (Orc:2)
  Pikel (D:6)
  2 hill giants (D:11)
  2 orc knights (Orc:2)
  An orc sorcerer (Orc:1)
  3 ugly things
  A cyclops (D:11)
  A kobold demonologist (D:11)
  3 trolls
  18 polar bears (IceCv)
  Grinder (D:4)
  Prince Ribbit (D:6)
  2 two-headed ogres
  A trapdoor spider zombie (D:11)
  A spriggan (D:8)
  A steam dragon (D:11)
  A hungry ghost (D:9)
  2 hippogriffs
  3 wyverns
  35 yaks
  20 wolves
  Grum (D:10)
  A mottled dragon (D:11)
  3 wargs
  A sky beast (D:6)
  4 slaves (D:6)
  3 necrophages
  4 ice beasts
  Purgy (Sewer)
  An eye of draining (D:11)
  2 phantoms
  A wasp (D:3)
  5 centaurs
  3 ogres
  23 orc warriors
  A big kobold (D:11)
  2 crocodiles (D:8)
  Blork the orc (D:6)
  6 giant frogs
  A wyvern zombie (D:7)
  A gnoll sergeant (D:7)
  5 scorpions
  6 killer bees (D:11)
  2 wyvern skeletons
  5 wights (D:9)
  A giant frog zombie (D:10)
  A goliath beetle (D:11)
  2 electric eels (D:11)
  2 crimson imps
  9 hounds
  A centaur zombie (D:8)
  15 orc priests
  A centaur skeleton (D:8)
  A jelly (D:9)
  2 quasits
  A giant frog skeleton (D:8)
  11 worker ants
  Natasha (twice) (D:3)
  5 iguanas
  20 orc wizards
  A statue (D:8)
  4 sheep (D:11)
  3 mummies
  A hound zombie (D:6)
  A hound skeleton (D:7)
  Terence (D:3)
  A worker ant zombie (D:7)
  16 adders
  3 gnolls (D:7)
  A river rat (D:6)
  2 shadow imps
  12 white imps (D:11)
  2 giant mites
  2 worms
  5 giant geckos
  2 oozes
  122 orcs
  5 ball pythons
  2 bat skeletons (D:5)
  5 giant cockroaches
  25 goblins
  17 hobgoblins
  6 jackals
  17 kobolds
  16 bats
  A giant gecko zombie (D:5)
  10 giant newts
  4 quokkas
  16 rats
  3 ballistomycetes
572 creatures vanquished.

Vanquished Creatures (others)
  A giant frog zombie (D:11)
  An orc (D:11)
  2 giant spores
4 creatures vanquished.

Grand Total: 576 creatures vanquished

Notes
Turn   | Place    | Note
--------------------------------------------------------------
     0 | D:1      | Kiel97, the Minotaur Berserker, began the quest for the Orb.
     0 | D:1      | Reached XP level 1. HP: 19/19 MP: 1/1
   486 | D:1      | Reached XP level 2. HP: 27/27 MP: 1/1
   674 | D:1      | Acquired Trog's second power
   693 | D:1      | Reached skill level 4 in Fighting
  1147 | D:2      | Reached XP level 3. HP: 33/33 MP: 2/2
  1186 | D:2      | Found a glowing silver altar of Zin.
  1535 | D:2      | Found an iron altar of Okawaru.
  1870 | D:2      | Found a sacrificial altar of Ru.
  1998 | D:3      | Reached XP level 4. HP: 32/41 MP: 2/2
  2249 | D:3      | Reached skill level 5 in Axes
  2258 | D:3      | Gained mutation: Scrolls take you a little longer to read. [potion of mutation]
  2258 | D:3      | Gained mutation: You are robust (+10% HP). [potion of mutation]
  2444 | D:3      | Noticed a wasp
  2453 | D:3      | Killed a wasp
  2453 | D:3      | Reached XP level 5. HP: 51/51 MP: 2/2
  2458 | D:3      | Noticed Natasha
  2465 | D:3      | Killed Natasha
  2465 | D:3      | Reached skill level 5 in Fighting
  2496 | D:3      | Noticed Natasha
  2499 | D:3      | Killed Natasha
  2607 | D:3      | Noticed Terence
  2619 | D:3      | Killed Terence
  2636 | D:3      | Reached XP level 6. HP: 59/61 MP: 3/3
  2699 | D:3      | Found a blossoming altar of Fedhas.
  3046 | D:4      | Noticed Grinder
  3056 | D:4      | Killed Grinder
  3056 | D:4      | Reached skill level 6 in Axes
  3137 | D:4      | Found an opulent altar of Gozag.
  3312 | D:4      | Reached XP level 7. HP: 67/67 MP: 3/3
  3679 | D:4      | Acquired Trog's third power
  3718 | D:4      | Reached skill level 7 in Axes
  3726 | D:4      | Reached skill level 5 in Armour
  4018 | D:5      | Entered Level 5 of the Dungeon
  4151 | D:5      | Found a staircase to the Ecumenical Temple.
  4181 | Temple   | Entered the Ecumenical Temple
  4393 | D:5      | Reached XP level 8. HP: 71/77 MP: 3/3
  4397 | D:5      | Reached skill level 5 in Dodging
  4424 | D:5      | Reached skill level 8 in Axes
  4637 | D:5      | Noticed a troll
  4642 | D:5      | Killed a troll
  4642 | D:5      | Reached skill level 9 in Axes
  4895 | D:6      | Found a glowing drain.
  4900 | D:6      | Found a white marble altar of Elyvilon.
  4916 | Sewer    | Entered a sewer
  5013 | Sewer    | Noticed Purgy
  5025 | Sewer    | Killed Purgy
  5231 | D:6      | Reached XP level 9. HP: 78/85 MP: 4/4
  5368 | D:6      | Noticed Prince Ribbit
  5384 | D:6      | Killed Prince Ribbit
  5489 | D:6      | Noticed Blork the orc
  5497 | D:6      | Killed Blork the orc
  5497 | D:6      | Reached skill level 10 in Axes
  5498 | D:6      | Noticed Pikel
  5644 | D:6      | Found a shattered altar of Ashenzari.
  5958 | D:7      | Found a basalt altar of Yredelemnul.
  6080 | D:6      | Found a staircase to the Ecumenical Temple.
  6103 | D:6      | Killed Pikel
  6344 | D:7      | Found a stormy altar of Qazlal.
  6348 | D:7      | Found a bloodstained altar of Trog.
  6348 | D:7      | Found an ancient bone altar of Kikubaaqudgha.
  6361 | D:7      | Found a snail-covered altar of Cheibriados.
  6365 | D:7      | Found a sparkling altar of Nemelex Xobeh.
  6987 | D:7      | Reached skill level 11 in Axes
  7430 | D:8      | Received a gift from Trog
  7564 | D:8      | Found a staircase to the Lair.
  7584 | D:8      | Reached XP level 10. HP: 92/96 MP: 4/4
  7603 | D:8      | Found a radiant altar of Vehumet.
  8268 | D:9      | Noticed a red ugly thing
  8269 | D:9      | Reached skill level 12 in Axes
  8277 | D:9      | Killed a red ugly thing
  8348 | D:9      | Found a basalt altar of Yredelemnul.
  8605 | D:9      | Found an opulent altar of Gozag.
  9268 | D:10     | Entered Level 10 of the Dungeon
  9437 | D:10     | Noticed Gastronok
  9464 | D:10     | Reached skill level 13 in Axes
  9475 | D:10     | Killed Gastronok
  9475 | D:10     | Reached XP level 11. HP: 92/106 MP: 4/4
  9502 | D:10     | Noticed Grum
  9507 | D:10     | Reached skill level 10 in Fighting
  9516 | D:10     | Killed Grum
  9999 | D:10     | Noticed Erica
 10010 | D:10     | Killed Erica
 10206 | D:11     | Found Vibuof's General Store.
 10228 | D:11     | Found a staircase to the Orcish Mines.
 10236 | D:11     | Found a frozen archway.
 10241 | D:11     | Noticed an ice devil
 10243 | D:11     | Received a gift from Trog
 10247 | D:11     | Reached skill level 10 in Armour
 10255 | D:11     | Killed an ice devil
 10266 | D:11     | Reached skill level 14 in Axes
 10271 | D:11     | Received a gift from Trog
 10318 | IceCv    | Entered an ice cave
 10914 | IceCv    | Reached XP level 12. HP: 119/119 MP: 1/5
 10929 | IceCv    | Reached skill level 10 in Dodging
 10998 | IceCv    | Noticed a death yak
 11008 | IceCv    | Killed a death yak
 11358 | IceCv    | Noticed an ice statue
 11366 | IceCv    | Reached skill level 15 in Axes
 11387 | IceCv    | Killed an ice statue
 11597 | IceCv    | Noticed a death yak
 11627 | IceCv    | Killed a death yak
 11768 | IceCv    | Received a gift from Trog
 11806 | IceCv    | Noticed a frost giant
 11817 | IceCv    | Killed a frost giant
 11819 | IceCv    | Got a heavily runed turquoise ring
 11833 | IceCv    | Identified the Papyrus of the Frostbite and Transmigration
 12789 | D:11     | Noticed a hill giant
 12800 | D:11     | Killed a hill giant
 12883 | D:11     | Reached skill level 16 in Axes
 13207 | D:11     | Bought a scroll of remove curse for 54 gold pieces
 13221 | D:11     | Identified the ring of Disaster {SustAb rPois MR- Stlth+} (You took it off a frost giant in an ice cave)
 13541 | Orc:1    | Entered Level 1 of the Orcish Mines
 13614 | Orc:1    | Reached XP level 13. HP: 103/127 MP: 5/5
 13678 | Orc:2    | Noticed Erolcha
 13689 | Orc:2    | Killed Erolcha
 13695 | Orc:2    | Received a gift from Trog
 13970 | Orc:1    | Received a gift from Trog
 14443 | Orc:2    | Found Vail's Antique Weapon Shop.
 14783 | Orc:3    | Found a staircase to the Elven Halls.
 15187 | Orc:3    | Received a gift from Trog
 15510 | Orc:4    | Entered Level 4 of the Orcish Mines
 15618 | Orc:4    | Received a gift from Trog
 15656 | Orc:3    | Noticed Urug
 15675 | Orc:3    | HP: 2/128 [Urug/great sword of holy wrath (19)]
 15676 | Orc:3    | Mangled by an orc warrior

Action                   |  1- 3 |  4- 6 |  7- 9 | 10-12 | 13-15 || total
-------------------------+-------+-------+-------+-------+-------++-------
Melee: Hand axe          |    96 |    76 |   332 |       |       ||   504
       Broad axe         |       |       |    11 |   182 |       ||   193
       Unarmed           |       |       |       |   178 |       ||   178
       Battleaxe         |       |       |       |   208 |       ||   208
       Executioner's axe |       |       |       |    82 |   189 ||   271
Invok: Trog's Hand       |     1 |     2 |     5 |    13 |     2 ||    23
       Berserk           |       |     1 |     2 |     6 |     1 ||    10
       Burn Spellbooks   |       |       |     1 |     1 |     2 ||     4
Evoke: Wand              |       |       |     3 |     1 |     6 ||    10
  Use: Scroll            |     5 |     6 |    10 |    10 |       ||    31
       Potion            |     4 |     3 |     1 |     9 |       ||    17
  Eat: Beef jerky        |     1 |       |       |     3 |       ||     4
       Bread ration      |     1 |       |     1 |     4 |       ||     6
       Meat ration       |       |     1 |       |       |       ||     1
       Royal jelly       |       |       |     2 |       |       ||     2
       Chunk             |       |       |     3 |     3 |     7 ||    13
       Pizza             |       |       |     2 |     1 |       ||     3
       Fruit             |       |       |       |     6 |       ||     6
